TOP OF THE 1ST |
Miami (APP) Marlins batting - Pitching for Missoula Osprey : RHP Adam Maida
|
Pitching: RHP Adam Maida
|
|
Batting: RHB Adrian Bocker
|
0-0: Called Strike 0-1: Swinging Strike 0-2: SINGLE (Groundball, 34D, EV 98.1 MPH)
|
Batting: RHB Jason Thrash
|
0-0: Ball 1-0: Ball 2-0: Called Strike 2-1: SINGLE (Groundball, 56D, EV 101.9 MPH) Adrian Bocker to second
|
Batting: RHB Mario Cota
|
0-0: Ball 1-0: Ball 2-0: Grounds into double play, 5-4-3 (Groundball, 56, EV 104.4 MPH) Adrian Bocker to third
|
Batting: SHB Matt Moore
|
0-0: Fly out, F7 (Flyball, 7LS, EV 91.9 MPH)
|
Top of the 1st over - 0 runs, 2 hits, 0 errors, 1 left on base; Miami (APP) 0 - Missoula 0 |
BOTTOM OF THE 1ST |
Missoula Osprey batting - Pitching for Miami (APP) Marlins : RHP Adam Brown
|
Pitching: RHP Adam Brown
|
|
Batting: SHB Roger Holmes
|
0-0: Ball 1-0: Foul Ball, location: 2F 1-1: Ball 2-1: SINGLE (Groundball, 15S, EV 73.8 MPH) (infield hit)
|
Batting: RHB Paul Schreiber
|
0-0: Ball 1-0: Fly out, F7 (Line Drive, 7, EV 94.4 MPH)
|
Batting: SHB Evan Armagost
|
0-0: Called Strike Roger Holmes steals 2nd base 0-1: Ball 1-1: DOUBLE (Line Drive, 78XD, EV 113.8 MPH) Roger Holmes scores
|
Batting: SHB Blaine Peters
|
0-0: Called Strike 0-1: Ball 1-1: Foul Ball, location: 2F 1-2: DOUBLE (Line Drive, 8LD, EV 108.8 MPH) Evan Armagost scores
|
Batting: LHB Enrique Ponce
|
0-0: Ball Blaine Peters steals 3rd base 1-0: Called Strike 1-1: Foul Ball, location: 2F 1-2: Ball 2-2: 2-RUN HOME RUN (Flyball, 9LD, EV 95.6 MPH), Distance : 348 ft
|
Pitching: RHP Matt Alexander
|
|
Batting: RHB Antonio Luisa
|
0-0: Called Strike 0-1: Ball 1-1: Swinging Strike 1-2: DOUBLE (Line Drive, 7LM, EV 108.1 MPH)
|
Batting: RHB Ernesto Zamora
|
0-0: 2-RUN HOME RUN (Flyball, 78XD, EV 106.2 MPH), Distance : 415 ft
|
Batting: SHB Lee Dillon
|
0-0: Ball 1-0: Ball 2-0: Foul Ball, location: 2F 2-1: SOLO HOME RUN (Flyball, 78XD, EV 97.5 MPH), Distance : 380 ft
|
Batting: RHB Zach Espinosa
|
0-0: Ball 1-0: Ball 2-0: Ball 3-0: Base on Balls
|
Batting: SHB Roger Holmes
|
0-0: Ball 1-0: Swinging Strike 1-1: SINGLE (Groundball, 34S, EV 62.5 MPH) (infield hit) Zach Espinosa to second
|
Batting: RHB Paul Schreiber
|
0-0: DOUBLE (Line Drive, 7LD, EV 110.6 MPH) Zach Espinosa scores Roger Holmes to third
|
Pitching: LHP Tyler Murders
|
|
Batting: SHB Evan Armagost
|
0-0: Ball 1-0: Foul Ball, location: 2F 1-1: Ball 2-1: Foul Ball, location: 2F 2-2: Ball 3-2: 3-RUN HOME RUN (Flyball, 78XD, EV 98.8 MPH), Distance : 403 ft
|
Batting: SHB Blaine Peters
|
0-0: Called Strike 0-1: Ball 1-1: SINGLE (Groundball, 56, EV 99.4 MPH)
|
Batting: LHB Enrique Ponce
|
0-0: Ball 1-0: Ball 2-0: Fly out, F8 (Flyball, 8RD, EV 95.6 MPH)
|
Batting: RHB Antonio Luisa
|
0-0: Ball 1-0: Foul Ball, location: 2F 1-1: Ball 2-1: Fly out, F8 (Flyball, 8RXD, EV 88.1 MPH)
|
Bottom of the 1st over - 11 runs, 11 hits, 0 errors, 1 left on base; Miami (APP) 0 - Missoula 11 |
TOP OF THE 2ND |
Miami (APP) Marlins batting - Pitching for Missoula Osprey : RHP Adam Maida
|
Batting: RHB Keith Bennett
|
0-0: Called Strike 0-1: Ground out 4-3 (Groundball, 4, EV 83.1 MPH)
|
Batting: RHB Rick Knoblauch
|
0-0: Called Strike 0-1: Foul Ball, location: 2F 0-2: Strikes out swinging
|
Batting: LHB Gavrilo Brkic
|
0-0: Ball 1-0: Called Strike 1-1: Ground out 4-3 (Groundball, 13, EV 86.9 MPH)
|
Top of the 2nd over - 0 runs, 0 hits, 0 errors, 0 left on base; Miami (APP) 0 - Missoula 11 |
BOTTOM OF THE 2ND |
Missoula Osprey batting - Pitching for Miami (APP) Marlins : LHP Tyler Murders
|
Batting: RHB Ernesto Zamora
|
0-0: Fly out, F8 (Flyball, 78M, EV 88.8 MPH)
|
Batting: SHB Lee Dillon
|
0-0: Called Strike 0-1: DOUBLE (Groundball, 5L, EV 101.2 MPH)
|
Pitching: RHP Jeremy Akande
|
|
Batting: RHB Zach Espinosa
|
0-0: Ball 1-0: Ball 2-0: Fly out, F8 (Flyball, 78S, EV 91.2 MPH)
|
Batting: SHB Roger Holmes
|
0-0: Ball 1-0: Ball Wild Pitch! Lee Dillon to third 2-0: Ball 3-0: Called Strike 3-1: Foul Ball, location: 2F 3-2: Base on Balls
|
Batting: RHB Paul Schreiber
|
0-0: Ball 1-0: Ball 2-0: Ball 3-0: Base on Balls Roger Holmes to second
|
Batting: SHB Evan Armagost
|
0-0: Ball Passed Ball! Lee Dillon scores Roger Holmes to third Paul Schreiber to second 1-0: Ball 2-0: Foul Ball, location: 2F 2-1: Called Strike 2-2: Ground out 6-3 (Groundball, 6, EV 88.1 MPH)
|
Bottom of the 2nd over - 1 run, 1 hit, 0 errors, 2 left on base; Miami (APP) 0 - Missoula 12 |
TOP OF THE 3RD |
Miami (APP) Marlins batting - Pitching for Missoula Osprey : RHP Adam Maida
|
Batting: LHB Melvin Castro
|
0-0: Called Strike 0-1: Foul Ball, location: 2F 0-2: Ball 1-2: Strikes out swinging
|
Batting: LHB Bryan Wedge
|
0-0: Called Strike 0-1: Ball 1-1: Ball 2-1: Ball 3-1: Swinging Strike 3-2: Strikes out swinging
|
Batting: RHB Adrian Bocker
|
0-0: Ground out 6-3 (Groundball, 6, EV 85.0 MPH)
|
Top of the 3rd over - 0 runs, 0 hits, 0 errors, 0 left on base; Miami (APP) 0 - Missoula 12 |
BOTTOM OF THE 3RD |
Missoula Osprey batting - Pitching for Miami (APP) Marlins : RHP Jeremy Akande
|
Pitching: LHP Mike Wasson
|
|
Batting: SHB Blaine Peters
|
0-0: Ball 1-0: Called Strike 1-1: Ball 2-1: Foul Ball, location: 2F 2-2: Ball 3-2: Foul Ball, location: 2F 3-2: Foul Ball, location: 2F 3-2: SINGLE (Line Drive, 6MD, EV 100.0 MPH)
|
Batting: LHB Enrique Ponce
|
0-0: Swinging Strike 0-1: Foul Ball, location: 2F 0-2: Ball 1-2: Ball 2-2: Foul Ball, location: 2F 2-2: Fly out, F5 (Line Drive, 5, EV 75.6 MPH)
|
Batting: RHB Antonio Luisa
|
0-0: Ball 1-0: Swinging Strike 1-1: Foul Ball, location: 2F 1-2: Ball 2-2: Foul Ball, location: 2F 2-2: Ball 3-2: Foul Ball, location: 2F 3-2: Foul Ball, location: 2F 3-2: Base on Balls Blaine Peters to second
|
Batting: RHB Ernesto Zamora
|
0-0: Swinging Strike 0-1: Ball 1-1: SINGLE (Line Drive, 7S, EV 96.2 MPH) Blaine Peters to third Antonio Luisa to second
|
Batting: SHB Lee Dillon
|
0-0: Ball 1-0: Called Strike 1-1: Ball 2-1: Ball 3-1: Base on Balls Blaine Peters scores Antonio Luisa to third Ernesto Zamora to second
|
Batting: RHB Zach Espinosa
|
0-0: SINGLE (Groundball, 34D, EV 104.4 MPH) Antonio Luisa scores Ernesto Zamora to third Lee Dillon to second Runner from 3rd tries for Home, SAFE, throw by RF to home
|
Batting: SHB Roger Holmes
|
0-0: Ball 1-0: Ball 2-0: Ball 3-0: Base on Balls Lee Dillon to third Zach Espinosa to second
|
Batting: RHB Paul Schreiber
|
0-0: Ball 1-0: Called Strike 1-1: Called Strike 1-2: Ball 2-2: DOUBLE (Line Drive, 7LD, EV 103.8 MPH) Lee Dillon scores Zach Espinosa scores Roger Holmes to third Runner from 3rd tries for Home, SAFE, throw by LF to home
|
Batting: SHB Evan Armagost
|
0-0: Ground out 4-3 (Groundball, 4, EV 103.8 MPH) Paul Schreiber to third
|
Batting: SHB Blaine Peters
|
0-0: Ball 1-0: Ball 2-0: Called Strike 2-1: Ball 3-1: Base on Balls
|
Batting: LHB Enrique Ponce
|
0-0: Called Strike 0-1: SINGLE (Groundball, 4MD, EV 100.6 MPH) Paul Schreiber scores Blaine Peters to second
|
Batting: RHB Antonio Luisa
|
0-0: Called Strike 0-1: Ball 1-1: Ball 2-1: Ball 3-1: Called Strike 3-2: Base on Balls Blaine Peters to third Enrique Ponce to second
|
Batting: RHB Ernesto Zamora
|
0-0: Ball 1-0: Ball 2-0: Ball 3-0: Foul Ball, location: 2F 3-1: Base on Balls Blaine Peters scores Enrique Ponce to third Antonio Luisa to second
|
Batting: SHB Lee Dillon
|
0-0: Ground out 4-3 (Groundball, 4, EV 83.8 MPH)
|
Bottom of the 3rd over - 8 runs, 5 hits, 0 errors, 3 left on base; Miami (APP) 0 - Missoula 20 |
TOP OF THE 4TH |
Miami (APP) Marlins batting - Pitching for Missoula Osprey : RHP Adam Maida
|
Batting: RHB Jason Thrash
|
0-0: Ball 1-0: Ball 2-0: Fly out, F8 (Flyball, 8RXD, EV 105.6 MPH)
|
Batting: RHB Mario Cota
|
0-0: Ball 1-0: Foul Ball, location: 2F 1-1: Foul Ball, location: 2F 1-2: Foul Ball, location: 2F 1-2: Fly out, F8 (Flyball, 8RM, EV 96.9 MPH)
|
Batting: SHB Matt Moore
|
0-0: Foul Ball, location: 2F 0-1: Ball 1-1: SINGLE (Groundball, 34D, EV 107.5 MPH)
|
Batting: RHB Keith Bennett
|
0-0: Ball 1-0: Foul Ball, location: 2F 1-1: Ball 2-1: Foul Ball, location: 2F 2-2: Foul Ball, location: 2F 2-2: SINGLE (Line Drive, 7LS, EV 100.0 MPH) Matt Moore to second
|
Batting: RHB Rick Knoblauch
|
0-0: Ball 1-0: Foul Ball, location: 2F 1-1: Called Strike 1-2: Strikes out swinging
|
Top of the 4th over - 0 runs, 2 hits, 0 errors, 2 left on base; Miami (APP) 0 - Missoula 20 |
BOTTOM OF THE 4TH |
Missoula Osprey batting - Pitching for Miami (APP) Marlins : LHP Mike Wasson
|
Batting: RHB Zach Espinosa
|
0-0: SOLO HOME RUN (Flyball, 78XD, EV 99.4 MPH), Distance : 400 ft
|
Batting: SHB Roger Holmes
|
0-0: Ground out 6-3 (Groundball, 6, EV 88.1 MPH)
|
Batting: RHB Paul Schreiber
|
0-0: Ground out U3 (Groundball, 34S, EV 90.6 MPH)
|
Batting: SHB Evan Armagost
|
0-0: Ball 1-0: Swinging Strike 1-1: Ball 2-1: Swinging Strike 2-2: Ball 3-2: Foul Ball, location: 2F 3-2: Base on Balls
|
Batting: SHB Blaine Peters
|
0-0: Swinging Strike 0-1: SINGLE (Groundball, 5D, EV 106.2 MPH) Evan Armagost to second
|
Batting: LHB Enrique Ponce
|
0-0: Foul Ball, location: 2F 0-1: Swinging Strike 0-2: Ball 1-2: Strikes out swinging
|
Bottom of the 4th over - 1 run, 2 hits, 0 errors, 2 left on base; Miami (APP) 0 - Missoula 21 |
TOP OF THE 5TH |
Miami (APP) Marlins batting - Pitching for Missoula Osprey : RHP Adam Maida
|
Batting: LHB Gavrilo Brkic
|
0-0: Foul Ball, location: 2F 0-1: Foul Ball, location: 2F 0-2: Ball 1-2: Strikes out looking
|
Batting: LHB Melvin Castro
|
0-0: Foul Ball, location: 2F 0-1: Called Strike 0-2: Foul Ball, location: 2F 0-2: Foul Ball, location: 2F 0-2: Strikes out swinging
|
Batting: LHB Bryan Wedge
|
0-0: Called Strike 0-1: Ball 1-1: Foul Ball, location: 2F 1-2: Ground out U3 (Groundball, 3, EV 101.2 MPH)
|
Top of the 5th over - 0 runs, 0 hits, 0 errors, 0 left on base; Miami (APP) 0 - Missoula 21 |
BOTTOM OF THE 5TH |
Missoula Osprey batting - Pitching for Miami (APP) Marlins : LHP Mike Wasson
|
Batting: RHB Antonio Luisa
|
0-0: Ground out U3 (Groundball, 34, EV 83.1 MPH)
|
Batting: RHB Ernesto Zamora
|
0-0: Ball 1-0: Ball 2-0: Foul Ball, location: 2F 2-1: Foul Ball, location: 2F 2-2: Ball 3-2: Foul Ball, location: 2F 3-2: Base on Balls
|
Batting: SHB Lee Dillon
|
0-0: Ball 1-0: Ball 2-0: Ball 3-0: Foul Ball, location: 2F 3-1: Base on Balls Ernesto Zamora to second
|
Batting: RHB Zach Espinosa
|
0-0: Swinging Strike 0-1: 3-RUN HOME RUN (Flyball, 78XD, EV 98.1 MPH), Distance : 378 ft
|
Batting: SHB Roger Holmes
|
0-0: Called Strike 0-1: Ball 1-1: Foul Ball, location: 2F 1-2: Hit by Pitch
|
Batting: RHB Paul Schreiber
|
0-0: Ball 1-0: Ball 2-0: Ball 3-0: Called Strike 3-1: Base on Balls Roger Holmes to second
|
Batting: SHB Evan Armagost
|
0-0: SINGLE (Groundball, 34D, EV 102.5 MPH) Roger Holmes to third Paul Schreiber to second Runner from 3rd tries for Home, SAFE, throw by RF to home
|
Batting: SHB Blaine Peters
|
0-0: Fly out, F5 (Line Drive, 5, EV 70.0 MPH)
|
Batting: LHB Enrique Ponce
|
0-0: Foul Ball, location: 2F 0-1: Foul Ball, location: 2F 0-2: SINGLE (Line Drive, 7LS, EV 102.5 MPH) Paul Schreiber to third Evan Armagost to second Runner from 3rd tries for Home, SAFE, throw by LF to home
|
Batting: RHB Antonio Luisa
|
0-0: Called Strike 0-1: Ground out 4-3 (Groundball, 4, EV 87.5 MPH)
|
Bottom of the 5th over - 5 runs, 3 hits, 0 errors, 2 left on base; Miami (APP) 0 - Missoula 26 |
TOP OF THE 6TH |
Miami (APP) Marlins batting - Pitching for Missoula Osprey : RHP Adam Maida
|
Batting: RHB Adrian Bocker
|
0-0: Ball 1-0: SINGLE (Groundball, 25, EV 66.2 MPH) (infield hit)
|
Batting: RHB Jason Thrash
|
0-0: Ball 1-0: Ball 2-0: Swinging Strike 2-1: Foul Ball, location: 2F 2-2: Strikes out looking
|
Batting: RHB Mario Cota
|
0-0: SINGLE (Line Drive, 4MD, EV 104.4 MPH) Adrian Bocker to second
|
Batting: SHB Matt Moore
|
0-0: Swinging Strike 0-1: Ball 1-1: Ball 2-1: Ball 3-1: Foul Ball, location: 2F 3-2: Foul Ball, location: 2F 3-2: Strikes out swinging
|
Batting: RHB Keith Bennett
|
0-0: Foul Ball, location: 2F 0-1: Ground out 5-3 (Groundball, 5L, EV 88.8 MPH)
|
Top of the 6th over - 0 runs, 2 hits, 0 errors, 2 left on base; Miami (APP) 0 - Missoula 26 |
BOTTOM OF THE 6TH |
Missoula Osprey batting - Pitching for Miami (APP) Marlins : LHP Mike Wasson
|
Batting: RHB Ernesto Zamora
|
0-0: Called Strike 0-1: Fly out, F9 (Flyball, 89D, EV 81.2 MPH)
|
Batting: SHB Lee Dillon
|
0-0: Foul Ball, location: 2F 0-1: Ground out 3-1 (Groundball, 34, EV 84.4 MPH)
|
Batting: RHB Zach Espinosa
|
0-0: Ball 1-0: SINGLE (Flyball, 4MD, EV 94.4 MPH)
|
Batting: SHB Roger Holmes
|
0-0: Foul Ball, location: 2F 0-1: Ball 1-1: Called Strike 1-2: Ball 2-2: Foul Ball, location: 2F 2-2: Strikes out swinging
|
Bottom of the 6th over - 0 runs, 1 hit, 0 errors, 1 left on base; Miami (APP) 0 - Missoula 26 |
TOP OF THE 7TH |
Miami (APP) Marlins batting - Pitching for Missoula Osprey : RHP Adam Maida
|
Batting: RHB Rick Knoblauch
|
0-0: Ball 1-0: Called Strike 1-1: Swinging Strike 1-2: Strikes out swinging
|
Batting: LHB Gavrilo Brkic
|
0-0: Called Strike 0-1: Called Strike 0-2: Strikes out swinging
|
Batting: LHB Melvin Castro
|
0-0: Swinging Strike 0-1: Foul Ball, location: 2F 0-2: Ball 1-2: Ball 2-2: Strikes out swinging
|
Top of the 7th over - 0 runs, 0 hits, 0 errors, 0 left on base; Miami (APP) 0 - Missoula 26 |
BOTTOM OF THE 7TH |
Missoula Osprey batting - Pitching for Miami (APP) Marlins : LHP Mike Wasson
|
Pinch Hitting: RHB Edwin Romero
|
0-0: Ball 1-0: Fly out, F8 (Line Drive, 8RD, EV 95.6 MPH)
|
Batting: SHB Evan Armagost
|
0-0: Foul Ball, location: 2F 0-1: Foul Ball, location: 2F 0-2: Ground out 5-3 (Groundball, 56, EV 92.5 MPH)
|
Pinch Hitting: RHB Steve Machol
|
0-0: SINGLE (Groundball, 6M, EV 98.1 MPH)
|
Batting: LHB Enrique Ponce
|
0-0: Fielders Choice at 2nd, 6-4 (Groundball, 6, EV 98.1 MPH)
|
Bottom of the 7th over - 0 runs, 1 hit, 0 errors, 1 left on base; Miami (APP) 0 - Missoula 26 |
TOP OF THE 8TH |
Miami (APP) Marlins batting - Pitching for Missoula Osprey : RHP Adam Maida
|
Pitching: RHP Alan Muth
|
|
Now in LF: Steve Machol
|
|
Now in RF: Tae-geun Kwang
|
|
Batting: LHB Bryan Wedge
|
0-0: Ball 1-0: Foul Ball, location: 2F 1-1: Foul Ball, location: 2F 1-2: Strikes out swinging
|
Batting: RHB Adrian Bocker
|
0-0: Foul Ball, location: 2F 0-1: Called Strike 0-2: Foul Ball, location: 2F 0-2: Foul Ball, location: 2F 0-2: Ball 1-2: Strikes out swinging
|
Batting: RHB Jason Thrash
|
0-0: Called Strike 0-1: Swinging Strike 0-2: Strikes out swinging
|
Top of the 8th over - 0 runs, 0 hits, 0 errors, 0 left on base; Miami (APP) 0 - Missoula 26 |
BOTTOM OF THE 8TH |
Missoula Osprey batting - Pitching for Miami (APP) Marlins : LHP Mike Wasson
|
Batting: RHB Antonio Luisa
|
0-0: Ground out U3 (Groundball, 34S, EV 80.0 MPH)
|
Batting: RHB Ernesto Zamora
|
0-0: Ball 1-0: Ground out 6-3 (Groundball, 6, EV 107.5 MPH)
|
Batting: SHB Lee Dillon
|
0-0: Ball 1-0: Swinging Strike 1-1: Ball 2-1: Foul Ball, location: 2F 2-2: Ball 3-2: Foul Ball, location: 2F 3-2: Foul Ball, location: 2F 3-2: Base on Balls
|
Batting: RHB Zach Espinosa
|
0-0: SINGLE (Groundball, 56, EV 98.8 MPH) Lee Dillon to second
|
Batting: SHB Roger Holmes
|
0-0: Ball 1-0: Ball 2-0: Reached on error, E6 (Groundball, 6, EV 87.5 MPH) Lee Dillon to third Zach Espinosa to second
|
Batting: LHB Tae-geun Kwang
|
0-0: Fielders Choice at 2nd, 6-4 (Groundball, 6, EV 82.5 MPH)
|
Bottom of the 8th over - 0 runs, 1 hit, 1 error, 3 left on base; Miami (APP) 0 - Missoula 26 |
TOP OF THE 9TH |
Miami (APP) Marlins batting - Pitching for Missoula Osprey : RHP Alan Muth
|
Batting: RHB Mario Cota
|
0-0: Foul Ball, location: 2F 0-1: Fly out, F8 (Flyball, 8LXD, EV 99.4 MPH)
|
Batting: SHB Matt Moore
|
0-0: Ground out 5-3 (Groundball, 5, EV 81.2 MPH)
|
Batting: RHB Keith Bennett
|
0-0: Foul Ball, location: 2F 0-1: Swinging Strike 0-2: Foul Ball, location: 2F 0-2: Foul Ball, location: 2F 0-2: Strikes out swinging
|
Top of the 9th over - 0 runs, 0 hits, 0 errors, 0 left on base; Miami (APP) 0 - Missoula 26 |
|